 Dungeon Crawl Stone Soup version 0.21-a0-94-gdd6ab6a (webtiles) character file.

568 MatthieuS the Firebug (level 7, -1/40 HPs)
             Began as a Tengu Fire Elementalist on July 1, 2017.
             Was an Initiate of Sif Muna.
             Slain by an orc priest
             ... wielding a +0 hand axe
              (2 damage)
             ... on level 4 of the Dungeon.
             The game lasted 00:13:25 (4466 turns).

MatthieuS the Firebug (Tengu Fire Elementalist)     Turns: 4466, Time: 00:13:26

Health: -1/40      AC:  3    Str: 10    XL:     7   Next: 33%
Magic:  11/14      EV: 12    Int: 16    God:    Sif Muna [......]
Gold:   288        SH:  0    Dex: 14    Spells: 6/14 levels left

rFire    . . .     SeeInvis .   g - +0 dagger (drain)
rCold    . . .     Gourm    +   (no shield)
rNeg     . . .     Faith    .   d - +0 leather armour (curse)
rPois    .         Spirit   .   (helmet restricted)
rElec    .         Reflect  .   (no cloak)
rCorr    .         Harm     .   (no gloves)
MR       .....                  (boots unavailable)
Stlth    ++........             h - amulet of the gourmand
HPRegen  0.13/turn              (no ring)
MPRegen  0.14/turn              (no ring)

@: no status effects
A: beak, talons 3, able to fly 1
a: Fly, Renounce Religion


You were on level 4 of the Dungeon.
You worshipped Sif Muna.
Sif Muna was noncommittal.
You were completely stuffed.

You visited 1 branch of the dungeon, and saw 4 of its levels.

You collected 288 gold pieces.

Inventory:

Hand Weapons
 f - a +1 dagger of speed
 g - a +0 dagger of draining (weapon)
 k - a +1 dagger of speed
 q - a +0 spear
Armour
 a - a +0 robe
 d - a cursed +0 leather armour (worn)
 t - a +0 shield
Jewellery
 h - an amulet of the gourmand (around neck)
Wands
 r - a wand of confusion (31/48)
Potions
 e - a potion of might {unknown}
 l - 2 potions of degeneration {unknown}
 n - a potion of invisibility {unknown}
 o - a potion of magic {unknown}
 p - a potion of experience {unknown}
Books
 b - a book of Flames

   Spells                             Type                      Level
   a - Flame Tongue                   Conjuration/Fire             1
   b - Throw Flame                    Conjuration/Fire             2
   c - Conjure Flame                  Conjuration/Fire             3
   d - Inner Flame                    Hexes/Fire                   3
   e - Sticky Flame                   Conjuration/Fire             4
   f - Fireball                       Conjuration/Fire             5
Comestibles
 c - a bread ration
 i - 4 fruits
 j - 2 meat rations
 m - 3 royal jellies
 s - 5 chunks of flesh


   Skills:
 + Level 2.2 Fighting
 - Level 2.1 Dodging
 - Level 2.0 Stealth
 * Level 4.4 Spellcasting
 + Level 5.3 Conjurations
 * Level 5.4 Fire Magic


You had 6 spell levels left.
You knew the following spells:

 Your Spells              Type           Power        Failure   Level  Hunger
a - Flame Tongue          Conj/Fire      ###..        2%          1    None
b - Conjure Flame         Conj/Fire      ###.....     7%          3    ###....
c - Sticky Flame          Conj/Fire      ###.....     24%         4    ####...


Dungeon Overview and Level Annotations

Branches:
Dungeon (4/15)
 Temple: D:4-7

Altars:
Gozag
Makhleb
Nemelex Xobeh
Sif Muna
Yredelemnul
Zin
The Shining One


Innate Abilities, Weirdness & Mutations

You have a beak for a mouth.
You have claws for feet.
You can fly.


Message History

The orc priest hits you with a hand axe.
You barely miss the orc priest.
The orc priest is heavily wounded.
The orc wizard points at you and mumbles some strange words.
The puff of frost misses you. The orc barely misses you.
The orc priest hits you with a hand axe!
The orc wizard hits you but does no damage.
You hit the orc priest but do no damage.
Your kick misses the orc priest.
The orc priest is heavily wounded.
The orc wizard hits you with a dagger. The orc closely misses you.
The orc priest hits you with a hand axe!
* * * LOW HITPOINT WARNING * * *
You hit the orc priest but do no damage.
The orc priest is heavily wounded.
The orc wizard barely misses you. The orc hits you but does no damage.
The orc wizard hits you with a dagger.
* * * LOW HITPOINT WARNING * * *
The orc priest hits you with a hand axe.
You die...

... ## ......# .##
.......## ##..#
........###...##
........##.....##
................#
.$$$............##
.$_$..o..........##.
.$$$...@o..........#
.....#.o.).........#
..# #.............#
#.............##
#...............#
#...............#
................#
#................#
#...............#####


You could see an orc priest, an orc wizard and an orc.

Vanquished Creatures
  The ghost of edsrzf the Sneak, an amateur OpAs of Uskayaw (D:4)
  A howler monkey (D:3)
  4 hounds (D:4)
  An iguana (D:4)
  2 orc wizards (D:4)
  5 adders
  An ooze (D:3)
  3 worms
  2 leopard geckos
  7 orcs
  7 bats
  12 giant cockroaches
  3 hobgoblins (D:3)
  4 jackals (D:2)
  12 kobolds
  A quokka (D:3)
  A ball python (D:4)
  3 frilled lizards
  7 goblins
  10 rats
87 creatures vanquished.

Notes
Turn   | Place    | Note
-------+----------+-------------------------------------------
     0 | D:1      | MatthieuS the Tengu Fire Elementalist began the quest for the Orb.
     0 | D:1      | Reached XP level 1. HP: 10/10 MP: 4/4
   444 | D:1      | Reached XP level 2. HP: 15/15 MP: 1/6
  1123 | D:2      | Reached XP level 3. HP: 19/19 MP: 3/7
  1655 | D:2      | Reached XP level 4. HP: 24/24 MP: 1/9
  1730 | D:2      | Learned a level 3 spell: Conjure Flame
  2137 | D:2      | Found a sparkling altar of Nemelex Xobeh.
  2646 | D:3      | Reached skill level 1 in Fighting
  2646 | D:3      | Gained mutation: You can fly. [Tengu growth]
  2646 | D:3      | Reached XP level 5. HP: 21/29 MP: 4/10
  2758 | D:3      | Found a basalt altar of Yredelemnul.
  2761 | D:3      | Noticed a profane servitor
  2766 | D:3      | Found a glowing golden altar of the Shining One.
  2882 | D:3      | Found a deep blue altar of Sif Muna.
  3475 | D:3      | Became a worshipper of Sif Muna the Loreminder
  3514 | D:4      | Learned a level 4 spell: Sticky Flame
  3966 | D:4      | Reached XP level 6. HP: 34/34 MP: 1/12
  4164 | D:4      | Found a burning altar of Makhleb.
  4169 | D:4      | Found a glowing silver altar of Zin.
  4169 | D:4      | Noticed an angel
  4169 | D:4      | Noticed a cacodemon
  4235 | D:4      | Noticed edsrzf's ghost (amateur OpAs)
  4250 | D:4      | Killed edsrzf's ghost
  4250 | D:4      | Reached skill level 5 in Conjurations
  4250 | D:4      | Reached skill level 5 in Fire Magic
  4250 | D:4      | Reached XP level 7. HP: 28/40 MP: 1/14
  4457 | D:4      | Found an opulent altar of Gozag.
  4466 | D:4      | HP: 1/40 [orc wizard/dagger (5)]
  4466 | D:4      | Slain by an orc priest

Vault maps used:
D:1:      minmay_arrival_four_loops, minmay_misc_feat_iff
D:2:      nemelex_lonely_heart_becter
D:3:      minmay_roachtagon, led_sif_pool, grunt_temple_overflow_holy_war,
          serial_co_window_serial, co_window_corner_a, co_window_corner_a,
          co_window_of_opportunity_a, co_window_corner_a, co_window_corner_a,
          co_window_corner_b, co_window_corner_cb, co_window_broadway_a,
          co_window_broadway_b, co_window_sun, glass_columns_c, glass_columns_b,
          glass_columns_a, glass_columns_a, glass_columns_b
D:4:      grunt_temple_overflow_order_and_chaos_2, nicolae_gozag_seed_capital

Skill      XL: |  1  2  3  4  5  6 |
---------------+-------------------+-----
Conjurations   | 2 3 4 5 |  5.3
Fire Magic     | 4 5 |  5.4
Fighting       | 1 2 |  2.2
Spellcasting   | 3 4 |  4.4
Dodging        | |  2.1
Stealth        | |  2.0

Action                   |  1- 3 |  4- 6 |  7- 9 || total
-------------------------+-------+-------+-------++-------
Melee: Dagger            |    11 |    38 |    11 ||    60
       Kick              |     4 |     9 |     2 ||    15
       Unarmed           |     1 |       |       ||     1
       Peck              |       |     5 |       ||     5
       Spear             |       |     2 |       ||     2
 Cast: Flame Tongue      |    60 |   109 |    13 ||   182
       Conjure Flame     |       |     1 |       ||     1
       Sticky Flame      |       |     2 |       ||     2
 Abil: Fly               |       |     1 |       ||     1
Evoke: Wand              |       |     2 |       ||     2
  Use: Scroll            |     2 |     3 |       ||     5
  Eat: Chunk             |     9 |    12 |     2 ||    23
Armor: Robe              |     2 |       |       ||     2
       Leather armour    |    10 |    23 |     4 ||    37
Dodge: Dodged            |    20 |    63 |     8 ||    91
